 Dungeon Crawl Stone Soup version 0.21-a0-552-g593960d (webtiles) character file.

112 tidbits the Digger (level 4, -1/32 HPs)
             Began as a Gnoll Earth Elementalist on Dec 17, 2017.
             Slain by a goblin
             ... wielding a +0 dagger
             ... led by Robin
              (6 damage)
             ... on level 4 of the Dungeon.
             The game lasted 00:06:08 (727 turns).

tidbits the Digger (Gnoll Earth Elementalist)        Turns: 727, Time: 00:06:09

Health: -1/32      AC:  2    Str: 11    XL:     4   Next: 95%
Magic:  10/11      EV: 15    Int: 18    God:
Gold:   150        SH:  0    Dex: 15    Spells: 10/13 levels left

rFire    . . .     SeeInvis .   a - +6 flail
rCold    . . .     Gourm    .   (no shield)
rNeg     . . .     Faith    .   c - +0 robe
rPois    .         Spirit   .   (no helmet)
rElec    .         Reflect  .   (no cloak)
rCorr    .         Harm     .   (no gloves)
MR       .....     Rnd*Tele +   (no boots)
Stlth    +++.......             (no amulet)
HPRegen  0.10/turn              j - ring of teleportation (curse)
MPRegen  0.12/turn              (no ring)

@: no status effects
A: distributed training, fangs 1, strong nose
a: no special abilities


You were on level 4 of the Dungeon.
You were not hungry.

You visited 1 branch of the dungeon, and saw 4 of its levels.

You collected 150 gold pieces.

Inventory:

Hand Weapons
 a - a +6 flail (weapon)
 b - a +0 dagger
 f - a +0 club
 o - a +0 hunting sling
 t - a +4 falchion
Missiles
 l - 16 arrows
 m - 38 sling bullets
 p - 44 stones (quivered)
Armour
 c - a +0 robe (worn)
Jewellery
 j - a cursed ring of teleportation (left hand)
   (You found it on level 1 of the Dungeon)
Scrolls
 g - 4 scrolls of identify {unknown}
 i - 3 scrolls of noise {unknown}
 s - a scroll of blinking {unknown}
 u - a scroll of enchant armour {unknown}
Potions
 n - a potion of haste {unknown}
 q - a potion of degeneration {unknown}
 r - a potion of might {unknown}
Books
 e - a book of Geomancy

   Spells                             Type                      Level
   a - Sandblast                      Earth                        1
   b - Passwall                       Transmutation/Earth          2
   c - Stone Arrow                    Conjuration/Earth            3
   d - Petrify                        Transmutation/Earth          4
   e - Lee's Rapid Deconstruction     Earth                        5
Comestibles
 d - a bread ration
 h - 2 meat rations
 k - a royal jelly


   Skills:
 + Level 1.2 Fighting
 + Level 1.2 Short Blades
 + Level 1.2 Long Blades
 + Level 1.2 Axes
 + Level 1.2 Maces & Flails
 + Level 1.2 Polearms
 + Level 1.2 Staves
 + Level 1.2 Slings
 + Level 1.2 Bows
 + Level 1.2 Crossbows
 + Level 1.2 Throwing
 + Level 1.2 Armour
 + Level 4.7 Dodging
 + Level 4.3 Stealth
 + Level 1.2 Shields
 + Level 1.2 Unarmed Combat
 + Level 5.1 Spellcasting
 + Level 1.0 Conjurations
 + Level 1.0 Hexes
 + Level 1.0 Charms
 + Level 1.0 Summonings
 + Level 1.0 Necromancy
 + Level 1.0 Translocations
 + Level 2.3 Transmutations
 + Level 1.0 Fire Magic
 + Level 1.0 Ice Magic
 + Level 1.0 Air Magic
 + Level 5.5 Earth Magic
 + Level 1.0 Poison Magic
 + Level 1.4 Invocations
 + Level 1.2 Evocations


You had 10 spell levels left.
You knew the following spells:

 Your Spells              Type           Power        Failure   Level  Hunger
a - Sandblast             Erth           ###...       1%          1    None
w - Passwall              Tmut/Erth      ###.......   4%          2    #......


Dungeon Overview and Level Annotations

Branches:
Dungeon (4/15)
 Temple: D:4-7

Altars:
Fedhas

Annotations:
D:3 Ijyb, Terence
D:4 Robin


Innate Abilities, Weirdness & Mutations

Your experience applies equally to all skills.
You have very sharp teeth.
Your uncanny sense of smell can sniff out nearby items.


Message History

b - a +0 dagger (weapon)
The helpless quokka fails to defend itself.
You puncture the quokka!
You kill the quokka!
u - a scroll labeled HILOIMORHYI
There is a stone staircase leading up here.
You now have 144 gold pieces (gained 19).
There is a stone staircase leading up here.
You climb upwards.
Level annotation: Ijyb, Terence
There is a stone staircase leading down here.
a - a +6 flail (weapon)
Found 9 gold pieces.
Found a scroll labeled LIL REODAGEPN.
You now have 150 gold pieces (gained 6).
There is a stone staircase leading down here.
You climb downwards.
There is a stone staircase leading up here.
Unknown command.
You open the door.
Found a meat ration.
There is an open door here.
h - 2 meat rations (gained 1) 2 goblins and a hobgoblin come into view. 2 goblins come into view.
The hobgoblin shouts!
You hear a shout! x2
Found 7 gold pieces and 17 bolts.
A goblin and Robin come into view.
Robin is wielding a falchion of electrocution.
What are your orders? t - Bark!
Orders for allies: a - Attack new target. r - Retreat! s - Stop attacking. g - Guard the area. f - Follow me.
Anything else - Cancel.
You bark for attention!
The goblin shouts! x4; You hear a shout!
A goblin comes into view. It is wielding a club.
A goblin comes into view. It is wielding a club.
The goblin shouts!
You hit the hobgoblin.
You kill the hobgoblin!
The goblin unwields an uncursed dagger.
The goblin wields a hunting sling.
The goblin shoots a stone.
The stone hits you. 2 goblins come into view.
You sock the goblin!
You kill the goblin!
A worm and a goblin come into view.
You barely miss the goblin.
Robin shouts!
Your bite misses the goblin.
Robin roars a battlecry!
The goblins go into a battle-frenzy!
The goblin hits you but does no damage. The goblin misses you.
A goblin comes into view. It is wielding a dagger.
The goblin shouts!
You sock the goblin!
You kill the goblin!
Robin says, "Feeling lonely?"
The goblin hits you.
You hit the goblin.
The goblin is severely wounded.
The goblin completely misses you.
You barely miss the goblin.
The goblin is severely wounded.
The goblin hits you.
You hit the goblin.
You kill the goblin!
Robin throws the goblin at you! The goblin misses you.
The goblin hits you but does no damage.
You sock the goblin!
You kill the goblin!
The goblin completely misses you. The goblin closely misses you.
You hit the goblin.
You kill the goblin!
The goblin misses you. Robin throws the goblin at you! The goblin hits you.
* * * LOW HITPOINT WARNING * * *
You sock the goblin!
You kill the goblin!
The goblin hits you with a club.
* * * LOW HITPOINT WARNING * * *
Robin throws the goblin at you!
* * * LOW HITPOINT WARNING * * *
The goblin hits you but does no damage.
You hit the goblin.
You kill the goblin!
Robin throws the goblin at you!
* * * LOW HITPOINT WARNING * * *
The goblin barely misses you. The goblin hits you with a dagger.
* * * LOW HITPOINT WARNING * * *
You barely miss the goblin. The goblin misses you.
The goblin completely misses you. The goblin misses you.
Casting: Sandblast
Confirm with . or Enter, or press ? or * to list all spells.
Aiming: Sandblast
Press: ? - help, Shift-Dir - straight line, f - goblin
Aim: a goblin, wielding a dagger (unusually strong)
The blast of sand misses the goblin.
p - 44 stones The goblin hits you with a dagger.
You die...

##### .......
#######...# .......
#..<..'...# .......
#.#####...# (......
.. .#......###
.......
###...........#
.......
...#.##...#)##g......
## #. #...#g@gg......
. .....####g......
........# .......
#........# ......$
######### #######
###########
#.........#
#..<......#
#.........#


You could see Robin and 4 goblins.

Vanquished Creatures
  4 adders
  An ooze (D:1)
  4 dart slugs (D:1)
  A leopard gecko (D:2)
  An orc (D:2)
  9 bats
  4 giant cockroaches
  11 goblins
  11 hobgoblins
  2 jackals (D:2)
  4 kobolds (D:1)
  A quokka (D:4)
  A frilled lizard (D:2)
  2 rats (D:1)
56 creatures vanquished.

Notes
Turn   | Place    | Note
-------+----------+-------------------------------------------
     0 | D:1      | tidbits the Gnoll Earth Elementalist began the quest for the Orb.
     0 | D:1      | Reached XP level 1. HP: 13/13 MP: 6/6
    65 | D:1      | Reached skill level 2 in Transmutations
    71 | D:1      | Reached XP level 2. HP: 19/19 MP: 3/7
   191 | D:2      | Learned a level 2 spell: Passwall
   198 | D:2      | Reached skill level 5 in Spellcasting
   198 | D:2      | Reached XP level 3. HP: 25/25 MP: 4/9
   274 | D:2      | Reached skill level 1 in Invocations
   304 | D:2      | Found a blossoming altar of Fedhas.
   325 | D:3      | Noticed Ijyb
   325 | D:3      | Noticed Terence
   390 | D:2      | Reached skill level 1 in Fighting
   390 | D:2      | Reached skill level 1 in Short Blades
   390 | D:2      | Reached skill level 1 in Long Blades
   390 | D:2      | Reached skill level 1 in Axes
   390 | D:2      | Reached skill level 1 in Maces & Flails
   390 | D:2      | Reached skill level 1 in Polearms
   390 | D:2      | Reached skill level 1 in Staves
   390 | D:2      | Reached skill level 1 in Slings
   390 | D:2      | Reached skill level 1 in Bows
   390 | D:2      | Reached skill level 1 in Crossbows
   390 | D:2      | Reached skill level 1 in Throwing
   390 | D:2      | Reached skill level 1 in Armour
   390 | D:2      | Reached skill level 1 in Shields
   390 | D:2      | Reached skill level 1 in Unarmed Combat
   390 | D:2      | Reached skill level 1 in Evocations
   390 | D:2      | Reached XP level 4. HP: 16/32 MP: 9/11
   631 | D:3      | Reached skill level 1 in Conjurations
   631 | D:3      | Reached skill level 1 in Hexes
   631 | D:3      | Reached skill level 1 in Charms
   631 | D:3      | Reached skill level 1 in Summonings
   631 | D:3      | Reached skill level 1 in Necromancy
   631 | D:3      | Reached skill level 1 in Translocations
   631 | D:3      | Reached skill level 1 in Fire Magic
   631 | D:3      | Reached skill level 1 in Ice Magic
   631 | D:3      | Reached skill level 1 in Air Magic
   631 | D:3      | Reached skill level 1 in Poison Magic
   710 | D:4      | Noticed Robin
   727 | D:4      | Slain by a goblin

Vault maps used:
D:1:      minmay_arrival_four_houses
D:2:      fedhas_altar_1
D:3:      minmay_gold_behind_fungi, st_stairs_5, minmay_misc_feat_cross,
          uniq_ijyb, uniq_terence, uniq_jessica
D:4:      temple_statues, uniq_menkaure, uniq_robin

Skill      XL: |  1  2  3  4 |
---------------+-------------+-----
Transmutations | 2 |  2.3
Spellcasting   | 5 |  5.1
Invocations    | 1 |  1.4
Fighting       | 1 |  1.2
Short Blades   | 1 |  1.2
Long Blades    | 1 |  1.2
Axes           | 1 |  1.2
Maces & Flails | 1 |  1.2
Polearms       | 1 |  1.2
Staves         | 1 |  1.2
Slings         | 1 |  1.2
Bows           | 1 |  1.2
Crossbows      | 1 |  1.2
Throwing       | 1 |  1.2
Armour         | 1 |  1.2
Shields        | 1 |  1.2
Unarmed Combat | 1 |  1.2
Evocations     | 1 |  1.2
Conjurations   | 1 |  1.0
Hexes          | 1 |  1.0
Charms         | 1 |  1.0
Summonings     | 1 |  1.0
Necromancy     | 1 |  1.0
Translocations | 1 |  1.0
Fire Magic     | 1 |  1.0
Ice Magic      | 1 |  1.0
Air Magic      | 1 |  1.0
Poison Magic   | 1 |  1.0
Dodging        | |  4.7
Stealth        | |  4.3
Earth Magic    | |  5.5

Action                   |  1- 3 |  4- 6 || total
-------------------------+-------+-------++-------
Melee: Club              |     2 |       ||     2
       Dagger            |     3 |     1 ||     4
       Flail             |    12 |    36 ||    48
       Bite              |     1 |     2 ||     3
 Cast: Sandblast         |    25 |    17 ||    42
       Passwall          |     1 |       ||     1
 Stab: Sleeping          |     3 |     2 ||     5
Armor: Robe              |    10 |     5 ||    15
Dodge: Dodged            |    15 |    39 ||    54

Table legend:
 A = Spawn XP
 B = Non-spawn XP
 C = Spawn XP percentage of total XP
 D = Spawn monster count
 E = Non-spawn monster count
 F = Spawn count percentage of total count
 G = Total turns spent on level
                    A         B        C        D         E        F      G
               +---------+---------+-------+---------+---------+-------+---------
         Total |       0 |     161 |   0.0 |       0 |      56 |   0.0 |   727
               +---------+---------+-------+---------+---------+-------+---------
           D:1 |       0 |      48 |   0.0 |       0 |      21 |   0.0 |   245
           D:2 |       0 |      73 |   0.0 |       0 |      20 |   0.0 |   369
           D:3 |       0 |      23 |   0.0 |       0 |       6 |   0.0 |    71
           D:4 |       0 |      17 |   0.0 |       0 |       9 |   0.0 |    42
               +---------+---------+-------+---------+---------+-------+---------

Table legend:
 A = Turns spent in this place as a percentage of turns spent in the entire game.
 B = Non-inter-level travel turns spent in this place as a percentage of non-inter-level travel turns spent in the entire game.
 C = Inter-level travel turns spent in this place as a percentage of turns spent in this place.
 D = Turns resting spent in this place as a percentage of non-inter-level travel turns spent in this place.
 E = Turns spent auto-exploring this place as a percentage of non-inter-level travel turns spent in this place.
 F = Non-inter-level travel turns spent in this place divided by the number of levels of this place that you've seen.
                   A       B       C       D       E      F
               +-------+-------+-------+-------+-------+----------------------
         Total | 100.0 | 100.0 |   0.0 |   0.0 |   0.0 | 181.8
       Dungeon | 100.0 | 100.0 |   0.0 |   0.0 |   0.0 | 181.8
               +-------+-------+-------+-------+-------+----------------------

Table legend:
 A = Kills in this place as a percentage of kills in entire the game.
 B = Kills by you in this place as a percentage of kills by you in the entire game.
 C = Kills by friends in this place as a percentage of kills by friends in the entire game.
 D = Other kills in this place as a percentage of other kills in the entire game.
 E = Experience gained in this place as a percentage of experience gained in the entire game.
 F = Experience gained in this place divided by the number of levels of this place that you have seen.
                   A       B       C       D       E      F
               +-------+-------+-------+-------+-------+----------------------
         Total | 100.0 | 100.0 |   N/A |   N/A | 100.0 |  40.2
       Dungeon | 100.0 | 100.0 |   N/A |   N/A | 100.0 |  40.2
               +-------+-------+-------+-------+-------+----------------------

Vault maps used:
D:1:      minmay_arrival_four_houses
D:2:      fedhas_altar_1
D:3:      minmay_gold_behind_fungi, st_stairs_5, minmay_misc_feat_cross,
          uniq_ijyb, uniq_terence, uniq_jessica
D:4:      temple_statues, uniq_menkaure, uniq_robin
